 Dungeon Crawl Stone Soup version 0.32-a0-646-g91cf321817 (webtiles) character file.

Game seed: 6932164385908138842

3105543 Viceroy the Conqueror (level 27, 298/298 HPs)
             Began as a Merfolk Gladiator on Mar 8, 2024.
             Was the Champion of Jiyva.
             Escaped with the Orb
             ... and 4 runes
             ... and 3 gems!
             The game lasted 02:02:06 (51304 turns).

Viceroy the Conqueror (Merfolk Gladiator)          Turns: 51304, Time: 02:02:06

Health: 298/298    AC: 35    Str: 20    XL:     27
Magic:  23/23      EV: 28    Int:  8    God:    Jiyva [******]
Gold:   1339       SH: 20    Dex: 24    Spells: 26/26 levels left

rFire   + + .        Y - +18 lance "Wyrmbane" {slay drac, rPois rF+ rC+ AC+3}
rCold   + + .        V - +5 kite shield {reflect}
rNeg    . . .        g - +0 storm dragon scales
rPois   +            (helmet restricted)
rElec   +            i - +2 cloak {Will+}
rCorr   +            h - +3 pair of gauntlets of War {Slay+5}
SInv    .            I - +2 pair of boots {Fly}
Will    +++++        W - necklace of Bloodlust {Fury *Rage Will++ Int-3 Slay+6} Stlth
                     m - +4 ring of protection
HPRegen 2.29/turn    w - ring of fire
MPRegen 0.98/turn

%: random rage (50%), reflection
@: flying, studying Earth Magic
A: (nimble swimmer 2), mertail, horns 1, iridescent scales 1, clever 1, cold
resistance 2, strong-willed 3, sense surroundings 2, robust 2, screaming 1,
strong 1, acidic bite, pseudopods 3, sturdy frame 1, persistent drain
0: Orb of Zot
}: 4/15 runes: decaying, serpentine, slimy, silver
a: Renounce Religion, Oozemancy, Slimify


You escaped.
You worshipped Jiyva.
Jiyva was exalted by your worship.
You visited 10 branches of the dungeon, and saw 52 of its levels.
You also visited: Trove, Ossuary and Volcano.

You collected 4075 gold pieces.
You spent 2736 gold pieces at shops.

Inventory:

Hand Weapons
 B - a +5 demon trident of freezing
 Y - the +18 lance "Wyrmbane" (weapon) {slay drac, rPois rF+ rC+ AC+3}
   (You found it on level 5 of the Pits of Slime)

   AC+3:      It affects your AC (+3).
   rF+:       It protects you from fire.
   rC+:       It protects you from cold.
   rPois:     It protects you from poison.
Missiles
 d - 4 throwing nets (quivered)
Armour
 g - +0 storm dragon scales (worn)
 h - the +3 pair of gauntlets of War (worn) {Slay+5}
   (You bought it in a shop on level 1 of the Depths)

   Slay+5:    It affects your accuracy & damage with ranged weapons and melee
   (+5).
 i - a +2 cloak of willpower (worn)
 I - a +2 pair of boots of flying (worn)
 L - the +1 pair of gloves of the Undertaker {Str+3 Int-5}
   (You found it on level 1 of the Vaults)

   Str+3:     It affects your strength (+3).
   Int-5:     It affects your intelligence (-5).
 M - a +2 helmet of see invisible
 R - the +15 Maxwell's patent armour {-Cast -Tele rElec Will+ rCorr}
   (You found it on level 5 of the Vaults)

   rElec:     It insulates you from electricity.
   Will+:     It increases your willpower.
   -Cast:     It prevents spellcasting.
   -Tele:     It prevents most forms of teleportation.
   rCorr:     It protects you from acid and corrosion.
 V - a +5 kite shield of reflection (worn)
Jewellery
 c - an amulet of the acrobat
 m - a +4 ring of protection (left hand)
 v - the amulet of the Villain {Acrobat ^Contam Rampage Str+3 Dex+2}
   (You found it in a treasure trove)

   [amulet of the acrobat]

   Acrobat:   It increases your evasion while moving and waiting.
   Str+3:     It affects your strength (+3).
   Dex+2:     It affects your dexterity (+2).
   ^Contam:   It causes magical contamination when unequipped.
   Rampage:   It bestows one free step when moving towards enemies.
 w - a ring of fire (right hand)
 z - the amulet "Kygets" {Acrobat rPois Str+5 Dex+3}
   (You found it in a treasure trove)

   [amulet of the acrobat]

   Acrobat:   It increases your evasion while moving and waiting.
   Str+5:     It affects your strength (+5).
   Dex+3:     It affects your dexterity (+3).
   rPois:     It protects you from poison.
 E - a ring of magical power
 N - a ring of willpower
 Q - a +6 ring of dexterity
 T - the amulet "Tilece Vipn" {Reflect ^Fragile rPois Will- Regen+ SH+5}
   (You found it in a treasure trove)

   [amulet of reflection]

   Reflect:   It reflects blocked missile attacks.
   rPois:     It protects you from poison.
   Will-:     It decreases your willpower.
   Regen+:    It increases your rate of health regeneration.
   ^Fragile:  It will be destroyed if unequipped.
   SH+5:      It affects your SH (+5).
 W - the necklace of Bloodlust (around neck) {Fury *Rage Will++ Int-3 Slay+6}
   (You found it on level 5 of the Pits of Slime)

   [amulet of nothing]

   Fury:      It extends the wearer's berserk rage when killing foes.
   Int-3:     It affects your intelligence (-3).
   Slay+6:    It affects your accuracy & damage with ranged weapons and melee
   (+6).
   Will++:    It greatly increases your willpower.
   *Rage:     It berserks you when you make melee attacks (+50% chance).
Wands
 e - a wand of digging (2)
 o - a wand of iceblast (58)
 G - a wand of mindburst (24)
Scrolls
 a - 2 scrolls of blinking
 b - 2 scrolls of enchant armour
 j - a scroll of revelation
 k - 2 scrolls of butterflies
 r - a scroll of amnesia
 u - 11 scrolls of identify
 x - 2 scrolls of enchant weapon
 y - 3 scrolls of fear
 C - 13 scrolls of teleportation
 D - 2 scrolls of fog
 F - 3 scrolls of silence
 K - a scroll of poison
 X - 3 scrolls of brand weapon
Potions
 l - 5 potions of ambrosia
 n - 2 potions of magic
 p - 3 potions of enlightenment
 q - 10 potions of might
 s - a potion of heal wounds
 t - a potion of brilliance
 A - 4 potions of mutation
 H - 3 potions of cancellation
 J - 2 potions of attraction
 O - 8 potions of curing
 P - 4 potions of berserk rage
 U - 2 potions of resistance
 Z - a potion of invisibility
Miscellaneous
 S - a sack of spiders


   Skills:
 O Level 27 Fighting
 O Level 27 Polearms
 - Level 2.0 Throwing
 + Level 20.0 Armour
 O Level 27 Dodging
 - Level 15.0 Shields


You had 26 spell levels left.
You didn't know any spells.
Your spell library contained the following spells:

 Spells                   Type           Power      Damage    Failure   Level
 Freeze                   Ice            0%         1d3       89%         1
 Magic Dart               Conj           0%         1d3       89%         1
 Sandblast                Erth           0%         2d4       89%         1
 Summon Small Mammal      Summ           0%         N/A       89%         1
 Blink                    Tloc           0%         N/A       96%         2
 Call Imp                 Summ           0%         N/A       96%         2
 Cigotuvi's Dreadful Rot  Necr/Alch/Air  0%         N/A       96%         2
 Ensorcelled Hibernation  Hex/Ice        0%         N/A       96%         2
 Lesser Beckoning         Tloc           0%         N/A       96%         2
 Scorch                   Fire           0%         2d5       96%         2
 Searing Ray              Conj           0%         2d4       96%         2
 Call Canine Familiar     Summ           0%         N/A       99%         3
 Dazzling Flash           Conj/Hex       0%         N/A       99%         3
 Fugue of the Fallen      Necr           0%         N/A       99%         3
 Gell's Gravitas          Tloc           0%         N/A       99%         3
 Hailstorm                Conj/Ice       0%         3d5       99%         3
 Inner Flame              Hex/Fire       0%         N/A       99%         3
 Ozocubu's Armour         Ice            0%         N/A       99%         3
 Stone Arrow              Conj/Erth      0%         3d7       99%         3
 Summon Ice Beast         Ice/Summ       0%         N/A       99%         3
 Teleport Other           Tloc           0%         N/A       99%         3
 Tukima's Dance           Hex            0%         N/A       99%         3
 Volatile Blastmotes      Fire/Tloc      0%         2d10      99%         3
 Anguish                  Hex/Necr       0%         N/A       100%        4
 Animate Armour           Summ/Erth      0%         N/A       100%        4
 Brom's Barrelling Bould  Conj/Erth      0%         2d3       100%        4
 Cause Fear               Hex            0%         N/A       100%        4
 Dimensional Bullseye     Hex/Tloc       0%         N/A       100%        4
 Dispel Undead            Necr           0%         3d6       100%        4
 Flame Wave               Conj/Fire      0%         2d4       100%        4
 Fulminant Prism          Conj/Alch      0%         3d5       100%        4
 Iskenderun's Mystic Bla  Conj/Tloc      0%         2d3       100%        4
 Leda's Liquefaction      Alch/Erth      0%         N/A       100%        4
 Manifold Assault         Tloc           0%         N/A       100%        4
 Martyr's Knell           Necr/Summ      0%         N/A       100%        4
 Passage of Golubria      Tloc           0%         N/A       100%        4
 Petrify                  Alch/Erth      0%         N/A       100%        4
 Sticky Flame             Fire/Alch      0%         2d4       100%        4
 Summon Blazeheart Golem  Fire/Summ      0%         N/A       100%        4
 Borgnjor's Vile Clutch   Necr/Erth      0%         N/A       100%        5
 Curse of Agony           Necr           0%         N/A       100%        5
 Fireball                 Conj/Fire      0%         3d3       100%        5
 Freezing Cloud           Conj/Ice/Air   0%         6-21      100%        5
 Irradiate                Conj/Alch      0%         3d11      100%        5
 Lee's Rapid Deconstruct  Erth           0%         3d4*      100%        5
 Summon Forest            Summ/Tloc      0%         N/A       100%        5
 Summon Mana Viper        Hex/Summ       0%         N/A       100%        5
 Bombard                  Conj/Erth      0%         9d1       100%        6
 Conjure Ball Lightning   Conj/Air       0%         3x3d6     100%        6
 Death Channel            Necr           0%         N/A       100%        6
 Dispersal                Tloc           0%         N/A       100%        6
 Starburst                Conj/Fire      0%         6d3       100%        6
 Summon Cactus Giant      Summ           0%         N/A       100%        6
 Enfeeble                 Hex            0%         N/A       100%        7
 Monstrous Menagerie      Summ           0%         N/A       100%        7
 Lehudib's Crystal Spear  Conj/Erth      0%         10d2      100%        8


Dungeon Overview and Level Annotations

Branches:
Dungeon (15/15)            Temple (0/1) D:6            Lair (5/5) D:11
  Swamp (4/4) Lair:3        Snake (4/4) Lair:3        Slime (5/5) Lair:5
    Orc (2/2) D:10            Elf (3/3) Orc:2        Vaults (5/5) D:13
  Crypt (0/3) Vaults:3     Depths (4/4) D:15            Zot (5/5) Depths:4
Ossuary (visited)         Volcano (visited)

Altars:
Ashenzari
Cheibriados
Dithmenos
Elyvilon
Fedhas
Gozag
Hepliaklqana
Kikubaaqudgha
Qazlal
Ru
Sif Muna
Uskayaw
Vehumet
Xom
Yredelemnul
Beogh
Jiyva
Lugonu

Shops:
D:10 (   Orc:2 =*[(   Elf:1 *(   Snake:2 [[(   Snake:4 [   Vaults:2 ([
Vaults:4 *   Depths:1 [**[

Portals:
Hell: Depths:1 Depths:2 Depths:3 Depths:4
Abyss: Depths:1 Depths:3 Depths:4
Pandemonium: Depths:2
Ziggurat: Depths:3

Annotations:
D:4 1 runed translucent door, Crazy Yiuf
Slime:2 Dissolution
Slime:5 Royal Jelly
Elf:1 7 runed translucent doors, exclusion: obsidian statue, temujin's ghost, journeyman OnCj


Innate Abilities, Weirdness & Mutations

((You are very nimble when in or above water. (Stealth+, EV+, Speed+++)))
Your lower body shifts to a powerful aquatic tail in water.
You have a pair of small horns on your head.
You are partially covered in iridescent scales. (AC +2)
Your mind is acute. (Int +4, Str/Dex -1)
Your flesh is very cold resistant. (rC++)
You are extremely strong-willed. (Will+++)
You passively map the area around you.
You are very robust. (+20% HP)
You occasionally shout uncontrollably at your foes.
Your muscles are strong. (Str +4, Int/Dex -1)
You have acidic saliva.
Armour fits poorly on your massive pseudopods.
Your movements are slightly less encumbered by armour. (ER -2)
Your health recovers twice as slowly from being drained.


Message History

The hell beast tramples the jelly!!
The jelly holds its ground!
The jelly dies!
The hellion gestures at you.
The sphere of damnation explodes!
The damnation engulfs you!!
The hell beast attacks as it pursues you!
The hell beast misses you. You block the hell beast's attack.
The hellion gestures at you.
The sphere of damnation explodes!
The damnation engulfs you!!
The damnation engulfs the hell beast!
The damnation engulfs the jelly!!
The jelly dies!
The hell beast is no longer covered in acid.
You block the hell beast's attack. x2
A hellwing comes into view.
The hellwing gives a chilling moan.
You block the hell beast's attack. x2
There is an escape hatch in the ceiling here.
You block the hell beast's attack. x2
A mysterious force pulls you upwards. The hatch slams shut behind you.
Level annotation: 1 runed translucent door, Crazy Yiuf Blink to where?
Press: ? - help, Dir - move target
As you read the scroll of blinking, it crumbles to dust.
You fly upwards.
There is a stone staircase leading down here.
A demonspawn warmonger and an Executioner come into view.
The demonspawn warmonger is wielding a +1 demon blade of electrocution and wearing a +1 tower shield of poison resistance.
The Executioner gives a hideous shriek!
There is an escape hatch in the ceiling here.
A mysterious force pulls you upwards. The hatch slams shut behind you.
You see here a jackal skeleton.
There is a stone staircase leading up here.
You fly upwards.
There is a stone staircase leading down here.
Blink to where?
Press: ? - help, Dir - move target
As you read the scroll of blinking, it crumbles to dust.
HP restored.
There is a large open door here.
There is a staircase leading out of the dungeon here.
You have escaped!

#.....#..#######.....#.#
####....## ##...P.#.#
#...#######P#...♣...#
#...###P.'.♣#.♣...###
#..###.♣.#P.#.P♣..#
#.####...####.....##
####.#P♣#P..P#.P......#
#....'.P#♣...'......P.#
#.##.'.P#P@..'...♣.♣..# #
#.##.#P♣#♣...#...P.P.## #
#.##.####♣..####......## #
#.##..###PP.#.P#.......# #
####.##...###P.'..#.♣.....#
#
#....##...#######♣#...♣.#.#
# #..........## #P.P♣.#.# #
#...######..#######.......#
# ##.## ##......###....####
#


There were no monsters in sight!

Vanquished Creatures
  3 dread liches
  10 orbs of fire (Zot:5)
  3 ancient liches
  Mara (Depths:3)
  Xtahua (Vaults:4)
  Sojobo (Vaults:4)
  Bai Suzhen (D:15)
  Vashnia (Snake:2)
  A curse toe (Zot:4)
  4 Killer Klowns (Zot:5)
  8 golden dragons
  Norris (Depths:1)
  3 doom hounds (Zot:3)
  A bone dragon (Depths:3)
  An iron giant (Depths:1)
  3 electric golems
  3 liches
  20 tentacled monstrosities
  Mlioglotl (Snake:2)
  Grunn (Zot:3)
  25 Orb Guardians (Zot:5)
  Jorgrun (Elf:1)
  3 titans
  3 deep elf blademasters
  9 quicksilver dragons
  Asterion (Snake:4)
  7 death cobs
  4 sphinxes
  5 ancient champions
  Gastronok (D:12)
  2 deep elf master archers (Elf:3)
  2 thorn hunters
  12 shadow dragons
  Agnes (Snake:2)
  Aizul (Snake:2)
  7 tengu reavers
  13 storm dragons
  A protean progenitor (Zot:5)
  6 draconian knights
  5 nagarajas
  2 daevas (Depths:3)
  8 frost giants
  7 fire giants
  3 draconian scorchers
  7 draconian shifters
  7 deep elf sorcerers
  5 draconian monks
  21 vault wardens
  Louise (Swamp:4)
  3 ghost moths
  3 deep elf elementalists (Elf:3)
  3 orc warlords
  3 angels (Depths:3)
  22 very ugly things
  A reaper (Depths:2)
  6 draconian annihilators
  4 draconian stormcallers
  2 spriggan defenders (Depths:2)
  16 stone giants
  17 ironbound preservers
  2 ironbound thunderhulks
  3 deep elf death magi (Elf:3)
  2 eleionomae
  12 dire elephants
  3 vampire knights
  4 deep elf demonologists (Elf:3)
  8 green draconians
  8 bunyips
  12 yellow draconians
  A war gargoyle (Vaults:4)
  5 black draconians
  Azrael (Snake:2)
  6 purple draconians
  7 red draconians
  2 spark wasps (Depths:2)
  5 deep elf annihilators
  7 white draconians
  4 crystal guardians
  A green death (Depths:2)
  7 fire dragons
  9 ettins
  5 deep elf high priests
  15 yaktaur captains
  31 vault guards
  2 rakshasas (Depths:2)
  2 entropy weavers
  A shambling mangrove (Swamp:3)
  9 ice dragons
  3 peacekeepers
  A hell beast (Depths:3)
  8 alligators
  25 hydras
  22 centaur warriors
  An anaconda (shapeshifter) (Vaults:5)
  2 salamander tyrants (Snake:4)
  4 ogre magi
  8 ironbound frosthearts
  5 spriggan air magi
  6 boulder beetles
  30 dancing weapons
  21 two-headed ogres
  3 catoblepae
  9 death yaks
  A sphinx skeleton (Depths:2)
  A tengu warrior (Depths:2)
  11 anacondas
  7 deep troll earth magi
  6 deep troll shamans
  18 naga sharpshooters
  A vampire mage (Depths:2)
  6 occultists
  A hell hog (Depths:3)
  20 hell knights
  11 naga warriors
  6 spriggan berserkers
  12 spriggans
  A sun demon (Depths:2)
  2 shock serpents
  11 salamander mystics
  2 skysharks (Depths:1)
  6 iron trolls
  19 deep elf knights
  2 goliath frogs (Swamp:3)
  6 skeletal warriors
  47 deep trolls
  4 spriggan druids
  A storm dragon skeleton (Depths:2)
  A golden dragon zombie (Depths:2)
  8 large abominations (Depths:1)
  An anaconda skeleton (Volcano)
  A cherub (Depths:3)
  11 mana vipers
  8 harpies
  13 swamp dragons
  6 arcanists
  10 deep elf archers
  12 ironbound convokers
  A golden dragon skeleton (Vaults:4)
  8 naga ritualists
  2 thermic dynamos (Elf:1)
  2 bog bodies
  5 phantasmal warriors
  7 necromancers
  2 steelbarb worms (Zot:5)
  7 lindwurms
  An iron dragon zombie (Depths:2)
  10 orc knights
  27 deep elf pyromancers
  2 tengu skeletons (Vaults:3)
  27 deep elf zephyrmancers
  52 ugly things
  2 frost giant zombies (Depths:2)
  21 salamanders
  A stone giant zombie (Depths:2)
  3 manticores
  3 alligator skeletons (Volcano)
  13 cyclopes
  A will-o-the-wisp (Swamp:4)
  3 orc sorcerers
  20 moths of wrath
  A rust devil (D:12)
  18 naga magi
  The ghost of topfpfpflanze the Thaumaturge, a novice OpCj of Gozag (D:5)
  3 guardian serpents
  15 elephants (Lair:5)
  21 vault sentinels
  A frost giant skeleton (Vaults:3)
  A fire giant skeleton (Vaults:3)
  40 black mambas
  13 cane toads
  5 gargoyles (Volcano)
  Jeremiah (D:8)
  An unseen horror (Depths:1)
  A komodo dragon (shapeshifter) (Elf:1)
  An orange demon (D:12)
  A smoke demon (D:12)
  13 komodo dragons
  21 yaktaurs
  5 rime drakes
  3 freezing wraiths
  2 tengu conjurers
  10 trolls
  2 yaktaur skeletons
  A red devil (D:12)
  11 tyrant leeches
  A wolf spider simulacrum (D:11)
  6 polar bears
  14 hornets
  A raiju (shapeshifter) (D:15)
  A tarantella (shapeshifter) (D:13)
  14 blink frogs
  3 harpy skeletons (Volcano)
  2 human skeletons (Vaults:3)
  A jumping spider (Vaults:4)
  3 shadows
  Sigmund (D:2)
  4 small abominations (Depths:1)
  A vampire (D:12)
  2 elf skeletons
  5 air elementals
  37 yaks
  6 wyverns
  4 wraiths
  5 basilisks
  3 fire bats (Depths:3)
  A steam dragon (Lair:3)
  5 fire elementals
  A warg (shapeshifter) (D:13)
  3 ynoxinuls (D:12)
  4 redbacks
  2 chaos spawn (Depths:1)
  50 nagas
  16 vampire mosquitoes
  4 wargs
  Menkaure (D:6)
  18 swamp worms
  A swamp worm (shapeshifter) (Elf:2)
  3 acid dragons
  A glowing shapeshifter zombie (Depths:2)
  4 hell hounds (Snake:2)
  13 water moccasins
  3 swamp drakes (Swamp:4)
  15 orc warriors
  2 black bears
  A glowing shapeshifter skeleton (Vaults:3)
  A sky beast (D:7)
  An ice beast (D:5)
  4 laughing skulls
  13 ogres
  A boggart (shapeshifter) (D:13)
  9 boggarts
  A phantom (D:6)
  31 wolves
  16 centaurs
  3 kobold brigands
  An elf zombie (Ossuary)
  A weeping skull (Volcano)
  14 bullfrogs
  An earth elemental (Elf:3)
  4 gnoll sergeants
  3 scorpions
  5 wights (D:6)
  A glowing shapeshifter simulacrum (Depths:2)
  A burial acolyte (D:9)
  6 killer bees (D:11)
  A spriggan skeleton (Volcano)
  2 troll skeletons (Volcano)
  A bombardier beetle (D:6)
  10 electric eels
  2 howler monkeys (D:8)
  4 crimson imps (D:4)
  3 centaur zombies (Ossuary)
  12 hounds
  4 orc priests
  Terence (D:3)
  A sleepcap (D:6)
  4 iguanas
  11 orc wizards
  An ogre zombie (Ossuary)
  A naga skeleton (Volcano)
  7 mummies (Ossuary)
  21 gnolls
  7 adders
  4 shadow imps
  A white imp (D:5)
  An ufetubus (D:6)
  2 adder zombies (D:9)
  2 dart slugs
  2 ribbon worms
  43 orcs
  7 ball pythons
  6 bats
  2 endoplasms (D:1)
  3 giant cockroaches
  2 gnoll zombies (Ossuary)
  13 goblins
  10 hobgoblins
  8 jackals (D:2)
  20 kobolds
  2 quokkas
  7 frilled lizards
  5 goblin zombies (Ossuary)
  6 kobold zombies (Ossuary)
  5 quokka zombies (Ossuary)
  5 rats
  5 rat zombies (Ossuary)
  An aspiring flesh (Zot:5)
1959 creatures vanquished.

Vanquished Creatures (collateral kills)
  A curse toe (Zot:1)
  An ironbound thunderhulk (Vaults:3)
  A cyclops (Orc:2)
3 creatures vanquished.

Vanquished Creatures (others)
  An azure jelly (Vaults:5)
  A fire giant (Vaults:5)
  2 vault wardens (Vaults:5)
  A deep elf demonologist (Elf:3)
  2 deep elf annihilators (Vaults:5)
  A yaktaur captain (Vaults:1)
  4 great orbs of eyes
  5 vault guards (Vaults:5)
  2 alligators
  A two-headed ogre (D:8)
  A two-headed ogre (shapeshifter) (Elf:1)
  3 hell knights (Vaults:5)
  An iron troll (D:15)
  A deep troll (Vaults:1)
  A goliath frog (Swamp:3)
  A death drake (shapeshifter) (Vaults:5)
  2 mana vipers (shapeshifter) (Vaults:5)
  An orb spider (shapeshifter) (Vaults:5)
  A swamp dragon (shapeshifter) (Vaults:5)
  2 arcanists
  A glowing orange brain (shapeshifter) (Elf:3)
  A flayed ghost (Depths:1)
  A necromancer (Vaults:5)
  2 deep elf zephyrmancers (Elf:1)
  A deep elf pyromancer (Elf:2)
  A manticore (D:14)
  2 glass eyes
  2 black mambas (shapeshifter) (Vaults:5)
  2 naga magi (Snake:4)
  A vault sentinel (Vaults:1)
  A bloated husk (Swamp:2)
  A tyrant leech (Lair:3)
  26 slime creatures
  A spriggan (Swamp:3)
  A water elemental (Elf:2)
  A golden eye (shapeshifter) (Elf:1)
  2 nagas (Snake:4)
  A swamp drake (Swamp:3)
  A black bear (D:6)
  2 orc warriors
  An ogre (Orc:2)
  A centaur (D:6)
  A phantom (D:5)
  2 kobold brigands
  A scorpion (D:5)
  A gnoll sergeant (D:9)
  A human skeleton (Vaults:3)
  2 howler monkeys
  A centaur zombie (Ossuary)
  265 jellies
  6 orc priests
  A gnoll bouda (D:9)
  2 iguanas (D:5)
  2 orc wizards (D:5)
  A gnoll (D:8)
  A shadow imp (D:5)
  A dart slug (D:5)
  14 orcs
  3 endoplasms
  A hobgoblin (D:2)
  A goblin zombie (Ossuary)
  8 kobolds
  4 foxfires (Swamp:4)
406 creatures vanquished.

Grand Total: 2368 creatures vanquished

Notes
Turn   | Place    | Note
-------+----------+-------------------------------------------
     0 | D:1      | Viceroy the Merfolk Gladiator began the quest for the Orb.
     0 | D:1      | Reached XP level 1. HP: 16/16 MP: 1/1
   252 | D:1      | Reached XP level 2. HP: 21/22 MP: 2/2
   470 | D:1      | Reached skill level 5 in Polearms
   889 | D:1      | Found a faded altar of an unknown god.
   893 | D:1      | Reached XP level 3. HP: 26/27 MP: 3/3
   901 | D:1      | Prayed at the altar of an unknown god.
   901 | D:1      | Became a worshipper of Jiyva Juxeonta the Shapeless
   901 | D:1      | Reached * piety under Jiyva
  1214 | D:2      | Reached XP level 4. HP: 33/33 MP: 4/4
  1359 | D:2      | Noticed Sigmund
  1379 | D:2      | Killed Sigmund
  1380 | D:2      | Reached XP level 5. HP: 37/38 MP: 5/5
  1474 | D:2      | Reached ** piety under Jiyva
  1488 | D:2      | Reached XP level 6. HP: 44/44 MP: 6/6
  1806 | D:3      | Found a blossoming altar of Fedhas.
  1951 | D:3      | Noticed Terence
  1969 | D:3      | Killed Terence
  1994 | D:3      | Found a sacrificial altar of Ru.
  2236 | D:4      | Found a snail-covered altar of Cheibriados.
  2302 | D:4      | Found a shimmering altar of Xom.
  2390 | D:4      | Reached skill level 10 in Polearms
  2390 | D:4      | Reached XP level 7. HP: 49/51 MP: 7/7
  2545 | D:4      | Reached *** piety under Jiyva
  2588 | D:4      | Gained mutation: You possess an exceptional clarity of
                  | mind. [Jiyva's grace]
  2588 | D:4      | Gained mutation: Your melee attacks may engulf your foes in
                  | ooze. [Jiyva's grace]
  2588 | D:4      | Gained mutation: You have hidden genetic potential.
                  | [Jiyva's grace]
  2588 | D:4      | Gained mutation: You have great hidden genetic potential.
                  | [Jiyva's grace]
  2993 | D:4      | Found a runed translucent door.
  2994 | D:4      | Noticed Crazy Yiuf
  3116 | D:5      | Entered Level 5 of the Dungeon
  3382 | D:5      | Reached skill level 5 in Fighting
  3389 | D:5      | Noticed topfpfpflanze's ghost (novice OpCj)
  3396 | D:5      | Reached **** piety under Jiyva
  3420 | D:5      | Found a sand-covered staircase.
  3424 | Ossuary  | Entered an ossuary
  3753 | Ossuary  | Reached XP level 8. HP: 40/64 MP: 8/8
  3934 | D:5      | Found a runed translucent gate.
  3934 | D:5      | Found a runed translucent gate.
  3934 | D:5      | Found a runed translucent gate.
  3951 | D:5      | Gained mutation: You expend magic power (3 MP) to
                  | strengthen your wands. [hidden potential]
  4687 | D:6      | Noticed Menkaure
  4693 | D:6      | Killed Menkaure
  4736 | D:6      | Reached ***** piety under Jiyva
  4747 | D:6      | Reached skill level 5 in Dodging
  4780 | D:6      | Noticed a wyvern
  4803 | D:6      | Killed a wyvern
  4829 | D:6      | Found a stormy altar of Qazlal.
  4987 | D:6      | Found a staircase to the Ecumenical Temple.
  4994 | D:6      | Reached XP level 9. HP: 73/74 MP: 9/9
  5032 | D:6      | Lost mutation: You have great hidden genetic potential.
                  | [Jiyva's grace]
  5032 | D:6      | Gained mutation: Your movements are slightly less
                  | encumbered by armour. (ER -2) [Jiyva's grace]
  5032 | D:6      | Gained mutation: Your movements are less encumbered by
                  | armour. (ER -4) [Jiyva's grace]
  5032 | D:6      | Gained mutation: Your movements are significantly less
                  | encumbered by armour. (ER -6) [Jiyva's grace]
  5032 | D:6      | Gained mutation: Your body has grown eyes which may confuse
                  | attackers. (Acc +3) [Jiyva's grace]
  5077 | D:6      | Gained mutation: You have great hidden genetic potential.
                  | [hidden potential]
  5077 | D:6      | Lost mutation: You have great hidden genetic potential.
                  | [hidden potential expressed]
  5252 | D:7      | Reached skill level 10 in Dodging
  5456 | D:7      | Found a shadowy altar of Dithmenos.
  5935 | D:8      | Found a white marble altar of Elyvilon.
  5957 | D:8      | Noticed Jeremiah
  5958 | D:8      | Reached skill level 1 in Armour
  5979 | D:8      | Killed Jeremiah
  5980 | D:8      | Reached XP level 10. HP: 59/80 MP: 8/10
  6071 | D:8      | Gained mutation: Your muscles are strong. (Str +4, Int/Dex
                  | -1) [hidden potential]
  6138 | D:8      | Noticed a two-headed ogre
  6143 | D:8      | Killed a two-headed ogre
  6273 | D:8      | Found a roughly hewn altar of Beogh.
  6765 | D:9      | Noticed a two-headed ogre
  6768 | D:9      | Slimified a two-headed ogre
  6768 | D:9      | a two-headed ogre changed into an acid blob
  6768 | D:9      | Noticed an acid blob
  6949 | D:9      | Found an ancient bone altar of Kikubaaqudgha.
  7026 | D:9      | Found a shimmering blue altar of Sif Muna.
  7129 | D:9      | Noticed a two-headed ogre
  7136 | D:9      | Killed a two-headed ogre
  7207 | D:9      | Noticed a centaur warrior
  7209 | D:9      | Noticed a two-headed ogre
  7216 | D:9      | Killed a centaur warrior
  7222 | D:9      | Reached skill level 10 in Fighting
  7224 | D:9      | Killed a two-headed ogre
  7225 | D:9      | Reached XP level 11. HP: 81/92 MP: 11/11
  7236 | D:9      | Gained mutation: You are strong-willed. (Will+) [hidden
                  | potential]
  7236 | D:9      | Lost mutation: You have hidden genetic potential. [hidden
                  | potential expressed]
  7330 | D:9      | Lost mutation: You are strong-willed. (Will+) [Jiyva's
                  | grace]
  7330 | D:9      | Gained mutation: Your rubbery body absorbs attacks. (AC +1,
                  | EV +1) [Jiyva's grace]
  7330 | D:9      | Gained mutation: Your pliable body absorbs attacks. (AC +2,
                  | EV +2) [Jiyva's grace]
  7330 | D:9      | Gained mutation: Your gelatinous body deflects attacks. (AC
                  | +3, EV +3) [Jiyva's grace]
  7330 | D:9      | Gained mutation: You are partially covered in iridescent
                  | scales. (AC +2) [Jiyva's grace]
  7510 | D:10     | Entered Level 10 of the Dungeon
  7531 | D:10     | Found a radiant altar of Vehumet.
  7593 | D:10     | Found a basalt altar of Yredelemnul.
  7638 | D:10     | Found a staircase to the Orcish Mines.
  7638 | D:10     | Found Ajabes's Weapon Shop.
  7726 | D:10     | Noticed a boulder beetle
  7753 | D:10     | Killed a boulder beetle
  7910 | D:10     | Found a hazy altar of Hepliaklqana.
  8066 | D:11     | Noticed a two-headed ogre
  8080 | D:11     | Killed a two-headed ogre
  8167 | D:11     | Found a staircase to the Lair.
  8636 | Orc:1    | Entered Level 1 of the Orcish Mines
  8672 | Orc:1    | Noticed an orc sorcerer
  8690 | Orc:1    | Killed an orc sorcerer
  8691 | Orc:1    | Reached XP level 12. HP: 102/102 MP: 12/12
  8761 | Orc:1    | Lost mutation: Your muscles are strong. (Str +4, Int/Dex
                  | -1) [Jiyva's grace]
  8761 | Orc:1    | Lost mutation: Your gelatinous body deflects attacks. (AC
                  | +3, EV +3) [Jiyva's grace]
  8761 | Orc:1    | Lost mutation: Your melee attacks may engulf your foes in
                  | ooze. [Jiyva's grace]
  8761 | Orc:1    | Gained mutation: You have acidic saliva. [Jiyva's grace]
  8761 | Orc:1    | Gained mutation: Your melee attacks may engulf your foes in
                  | ooze. [Jiyva's grace]
  8761 | Orc:1    | Gained mutation: Your body has grown many eyes which may
                  | confuse attackers. (Acc +5) [Jiyva's grace]
  8761 | Orc:1    | Gained mutation: Your body is covered in eyes which may
                  | confuse attackers. (Acc +7, SInv) [Jiyva's grace]
  9003 | Orc:2    | Entered Level 2 of the Orcish Mines
  9003 | Orc:2    | Noticed an ettin
  9003 | Orc:2    | Found Fypnau's Jewellery Boutique.
  9026 | Orc:2    | Slimified an ettin
  9026 | Orc:2    | an ettin changed into a slime creature
  9045 | Orc:2    | Found a staircase to the Elven Halls.
  9094 | Orc:2    | Noticed a stone giant
  9135 | Orc:2    | Killed a stone giant
  9182 | Orc:2    | Found Udyrphio's General Store.
  9294 | Orc:2    | Noticed an ettin
  9295 | Orc:2    | Found Piqorosm's Antique Armour Emporium.
  9298 | Orc:2    | Slimified an ettin
  9298 | Orc:2    | an ettin changed into an azure jelly
  9298 | Orc:2    | Noticed an azure jelly
  9339 | Orc:2    | Noticed an ettin
  9339 | Orc:2    | Found Cyer's Antique Weapon Emporium.
  9348 | Orc:2    | Slimified an ettin
  9348 | Orc:2    | an ettin changed into a slime creature
  9362 | Orc:2    | Reached skill level 15 in Fighting
  9569 | Orc:2    | Noticed an orc warlord
  9604 | Orc:2    | Killed an orc warlord
  9950 | Orc:2    | Bought a pair of polished gloves for 332 gold pieces
  9950 | Orc:2    | Identified the +0 pair of gloves "Onties" {Rampage +Inv
                  | rF+} (You bought it in a shop on level 2 of the Orcish
                  | Mines)
  9960 | Orc:2    | Bought a pair of embroidered boots for 262 gold pieces
  9960 | Orc:2    | Bought a runed helmet for 262 gold pieces
 10050 | Lair:1   | Entered Level 1 of the Lair of Beasts
 10196 | Lair:1   | Reached XP level 13. HP: 117/117 MP: 13/13
 10873 | Lair:2   | Lost mutation: You have acidic saliva. [Jiyva's grace]
 10873 | Lair:2   | Lost mutation: Your body is covered in eyes which may
                  | confuse attackers. (Acc +7, SInv) [Jiyva's grace]
 10873 | Lair:2   | Lost mutation: You expend magic power (3 MP) to strengthen
                  | your wands. [Jiyva's grace]
 10873 | Lair:2   | Lost mutation: Your movements are significantly less
                  | encumbered by armour. (ER -6) [Jiyva's grace]
 10873 | Lair:2   | Lost mutation: Your melee attacks may engulf your foes in
                  | ooze. [Jiyva's grace]
 10873 | Lair:2   | Gained mutation: Your flesh is cold resistant. (rC+)
                  | [Jiyva's grace]
 10873 | Lair:2   | Gained mutation: Your flesh is very cold resistant. (rC++)
                  | [Jiyva's grace]
 10873 | Lair:2   | Gained mutation: Your flesh is almost immune to the effects
                  | of cold. (rC+++) [Jiyva's grace]
 10873 | Lair:2   | Gained mutation: Your gelatinous body deflects attacks. (AC
                  | +3, EV +3) [Jiyva's grace]
 10907 | Lair:2   | Reached ****** piety under Jiyva
 11516 | Lair:3   | Found a dark tunnel.
 11606 | Volcano  | Entered a volcano
 12496 | Lair:3   | Reached XP level 14. HP: 121/133 MP: 10/14
 12675 | Lair:3   | Found a staircase to the Swamp.
 12737 | Lair:3   | Found a staircase to the Snake Pit.
 12939 | Lair:3   | Reached skill level 5 in Armour
 13317 | Lair:4   | Lost mutation: Your flesh is almost immune to the effects
                  | of cold. (rC+++) [Jiyva's grace]
 13317 | Lair:4   | Lost mutation: Your flesh is very cold resistant. (rC++)
                  | [Jiyva's grace]
 13317 | Lair:4   | Lost mutation: Your body has grown many eyes which may
                  | confuse attackers. (Acc +5) [Jiyva's grace]
 13317 | Lair:4   | Lost mutation: Your gelatinous body deflects attacks. (AC
                  | +3, EV +3) [Jiyva's grace]
 13317 | Lair:4   | Lost mutation: Your pliable body absorbs attacks. (AC +2,
                  | EV +2) [Jiyva's grace]
 13317 | Lair:4   | Lost mutation: Your movements are less encumbered by
                  | armour. (ER -4) [Jiyva's grace]
 13317 | Lair:4   | Gained mutation: Your mind is acute. (Int +4, Str/Dex -1)
                  | [Jiyva's grace]
 13317 | Lair:4   | Gained mutation: Your mind is very acute. (Int +8, Str/Dex
                  | -2) [Jiyva's grace]
 13317 | Lair:4   | Gained mutation: You are covered in slimy tendrils that may
                  | disarm your opponents. [Jiyva's grace]
 13317 | Lair:4   | Gained mutation: Armour fits poorly on your pseudopods.
                  | [Jiyva's grace]
 13517 | Lair:4   | Reached skill level 15 in Dodging
 13688 | Lair:4   | Found a sacrificial altar of Ru.
 14148 | Lair:5   | Entered Level 5 of the Lair of Beasts
 14582 | Lair:5   | Reached XP level 15. HP: 141/141 MP: 15/15
 14615 | Lair:5   | Got an earthy gem with 288 turns to spare
 14868 | Lair:5   | Reached skill level 15 in Polearms
 15134 | Lair:5   | Found a staircase to the Slime Pits.
 15135 | Lair:5   | Found a viscous altar of Jiyva.
 15294 | Slime:1  | Entered Level 1 of the Pits of Slime
 15302 | Slime:2  | Noticed Dissolution
 15312 | Slime:3  | Noticed a rockslime
 15317 | Slime:4  | Noticed an acid blob
 15321 | Slime:5  | Entered Level 5 of the Pits of Slime
 15326 | Slime:5  | Noticed an acid blob
 15329 | Slime:5  | Noticed an acid blob
 15338 | Slime:5  | Found the necklace of Bloodlust {Fury *Rage Will++ Int-3
                  | Slay+6}
 15340 | Slime:5  | Found a viscous altar of Jiyva.
 15340 | Slime:5  | Noticed an acid blob
 15341 | Slime:5  | Found the +6 Majin-Bo {spellvamp, MP+6 Int+6}
 15342 | Slime:5  | Noticed an acid blob
 15342 | Slime:5  | Noticed an acid blob
 15342 | Slime:5  | Found the +5 scythe "Finisher" {speed, execute}
 15342 | Slime:5  | Noticed the Royal Jelly
 15343 | Slime:5  | Found the +8 lance "Wyrmbane" {slay drac, rPois rF+ rC+
                  | AC+3}
 15344 | Slime:5  | Noticed an acid blob
 15344 | Slime:5  | Found the +8 pair of quick blades "Gyre" and "Gimble"
                  | {protect}
 15346 | Slime:5  | Got a starry gem with 550 turns to spare
 15349 | Slime:5  | Got a slimy rune of Zot
 15360 | Slime:5  | Identified the +2 falchion "Worm's Wrath" {speed, rF+
                  | Will++ Str+4}
 15390 | Slime:5  | Identified the +6 scale mail of Slimy Contentment {^Drain
                  | rPois rF+ Str+2}
 15410 | Slime:5  | Identified the +7 quarterstaff of Valiance {drain, rElec
                  | rC+}
 15472 | Slime:5  | Noticed a rockslime
 15550 | Slime:5  | Noticed an azure jelly
 15578 | Slime:5  | Noticed an acid blob
 15646 | Slime:5  | Noticed an azure jelly
 15721 | Slime:4  | Noticed an acid blob
 15904 | Slime:3  | Noticed a rockslime
 15912 | Slime:3  | Noticed a rockslime
 15920 | Slime:3  | Noticed a rockslime
 16006 | Slime:3  | Noticed an acid blob
 16143 | Slime:2  | Noticed an acid blob
 16149 | Slime:2  | Noticed an acid blob
 16160 | Slime:2  | Noticed an acid blob
 16184 | Slime:2  | Noticed an azure jelly
 16365 | Slime:1  | Noticed an acid blob
 16435 | Slime:1  | Noticed a rockslime
 17021 | D:12     | Lost mutation: Your mind is very acute. (Int +8, Str/Dex
                  | -2) [Jiyva's grace]
 17021 | D:12     | Lost mutation: Your body has grown eyes which may confuse
                  | attackers. (Acc +3) [Jiyva's grace]
 17021 | D:12     | Gained mutation: You have a small jelly attached to you
                  | that may absorb projectiles. [Jiyva's grace]
 17021 | D:12     | Gained mutation: Your pliable body absorbs attacks. (AC +2,
                  | EV +2) [Jiyva's grace]
 17021 | D:12     | Gained mutation: Your gelatinous body deflects attacks. (AC
                  | +3, EV +3) [Jiyva's grace]
 17021 | D:12     | Gained mutation: Your flesh is heat resistant. (rF+)
                  | [Jiyva's grace]
 17043 | D:12     | Found the +10 Black Knight's barding {ponderous, rPois rN+}
 17054 | D:12     | Noticed Gastronok
 17091 | D:12     | Killed Gastronok
 17618 | D:13     | Found a gate to the Vaults.
 18680 | D:14     | Reached XP level 16. HP: 148/148 MP: 16/16
 18926 | D:15     | Entered Level 15 of the Dungeon
 18979 | D:15     | Reached skill level 1 in Shields
 18998 | D:15     | Found a staircase to the Depths.
 19045 | D:15     | Found a sacrificial altar of Ru.
 19351 | D:15     | Gained mutation: You have acidic saliva. [Jiyva's grace]
 19351 | D:15     | Gained mutation: Your spells are a little harder to cast,
                  | but a little more powerful. [Jiyva's grace]
 19351 | D:15     | Gained mutation: Your spells are harder to cast, but more
                  | powerful. [Jiyva's grace]
 19351 | D:15     | Gained mutation: Your spells are much harder to cast, but
                  | much more powerful. [Jiyva's grace]
 19462 | D:15     | Reached skill level 5 in Shields
 19899 | Snake:1  | Entered Level 1 of the Snake Pit
 20151 | Snake:1  | Noticed Donald
 20169 | Snake:1  | Slimified Donald
 20169 | Snake:1  | Donald changed into Donald the acid blob
 20169 | Snake:1  | Noticed Donald
 21259 | Snake:2  | Noticed Azrael
 21278 | Snake:2  | Killed Azrael
 21391 | Snake:2  | Noticed Agnes
 21404 | Snake:2  | Killed Agnes
 21471 | Snake:2  | Noticed Vashnia
 21478 | Snake:2  | Reached XP level 17. HP: 107/158 MP: 17/17
 21535 | Snake:2  | Lost mutation: You are partially covered in iridescent
                  | scales. (AC +2) [Jiyva's grace]
 21535 | Snake:2  | Lost mutation: Your flesh is heat resistant. (rF+) [Jiyva's
                  | grace]
 21535 | Snake:2  | Lost mutation: Your gelatinous body deflects attacks. (AC
                  | +3, EV +3) [Jiyva's grace]
 21535 | Snake:2  | Gained mutation: You have a pair of small horns on your
                  | head. [Jiyva's grace]
 21535 | Snake:2  | Gained mutation: You have a pair of horns on your head.
                  | [Jiyva's grace]
 21535 | Snake:2  | Gained mutation: You have a pair of large horns on your
                  | head. [Jiyva's grace]
 21535 | Snake:2  | Gained mutation: You are partially covered in iridescent
                  | scales. (AC +2) [Jiyva's grace]
 21646 | Snake:2  | Killed Vashnia
 21647 | Snake:2  | Reached skill level 10 in Shields
 21674 | Snake:2  | Noticed Mlioglotl
 21683 | Snake:2  | Killed Mlioglotl
 21881 | Snake:2  | Found Seam's Antique Armour Shop.
 21883 | Snake:2  | Found Noiroz's Antique Armour Boutique.
 21886 | Snake:2  | Found Itabrum's Antique Weapon Shop.
 21904 | Snake:2  | Bought a runed cloak for 210 gold pieces
 21916 | Snake:2  | Bought a faintly glowing leather armour for 238 gold pieces
 21916 | Snake:2  | Identified the +2 leather armour of Unambiguity {Str+3}
                  | (You bought it in a shop on level 2 of the Snake Pit)
 21920 | Snake:2  | Bought a runed cloak for 210 gold pieces
 21965 | Snake:2  | Identified the serpent talisman of Gehenna {Will+ Str-3
                  | Int+3 Dex+3}
 21965 | Snake:2  | Noticed Aizul
 21989 | Snake:2  | Killed Aizul
 23149 | Snake:3  | Lost mutation: Your flesh is cold resistant. (rC+) [Jiyva's
                  | grace]
 23149 | Snake:3  | Lost mutation: Your spells are much harder to cast, but
                  | much more powerful. [Jiyva's grace]
 23149 | Snake:3  | Lost mutation: You are covered in slimy tendrils that may
                  | disarm your opponents. [Jiyva's grace]
 23149 | Snake:3  | Gained mutation: You passively map a small area around you.
                  | [Jiyva's grace]
 23149 | Snake:3  | Gained mutation: You passively map the area around you.
                  | [Jiyva's grace]
 23149 | Snake:3  | Gained mutation: You passively map a large area around you.
                  | [Jiyva's grace]
 23149 | Snake:3  | Gained mutation: Your flesh is heat resistant. (rF+)
                  | [Jiyva's grace]
 23457 | Snake:4  | Entered Level 4 of the Snake Pit
 23457 | Snake:4  | Found Leigg's Armour Emporium.
 23880 | Snake:4  | Reached XP level 18. HP: 106/166 MP: 18/18
 23966 | Snake:4  | Got a serpentine rune of Zot
 24009 | Snake:4  | Reached skill level 15 in Shields
 24120 | Snake:4  | Noticed Asterion
 24136 | Snake:4  | Killed Asterion
 24650 | Swamp:1  | Entered Level 1 of the Swamp
 24680 | Swamp:1  | Identified the +0 cloak of the Merchant {Stlth+}
 24823 | Swamp:1  | Lost mutation: You have a pair of large horns on your head.
                  | [Jiyva's grace]
 24823 | Swamp:1  | Lost mutation: You have a pair of horns on your head.
                  | [Jiyva's grace]
 24823 | Swamp:1  | Lost mutation: You are partially covered in iridescent
                  | scales. (AC +2) [Jiyva's grace]
 24823 | Swamp:1  | Lost mutation: Your flesh is heat resistant. (rF+) [Jiyva's
                  | grace]
 24823 | Swamp:1  | Lost mutation: Your spells are harder to cast, but more
                  | powerful. [Jiyva's grace]
 24823 | Swamp:1  | Lost mutation: Armour fits poorly on your pseudopods.
                  | [Jiyva's grace]
 24823 | Swamp:1  | Gained mutation: You are partially covered in iridescent
                  | scales. (AC +2) [Jiyva's grace]
 24823 | Swamp:1  | Gained mutation: You are mostly covered in iridescent
                  | scales. (AC +4) [Jiyva's grace]
 24823 | Swamp:1  | Gained mutation: You are completely covered in iridescent
                  | scales. (AC +6) [Jiyva's grace]
 24823 | Swamp:1  | Gained mutation: You have a somewhat thin skeletal
                  | structure. (Dex +2, Stealth+) [Jiyva's grace]
 25754 | Swamp:3  | Noticed a tentacled monstrosity
 25766 | Swamp:3  | Killed a tentacled monstrosity
 26281 | Swamp:3  | Identified the +3 morningstar "Cukk" {antimagic, rElec
                  | Dex+3}
 26396 | Swamp:4  | Entered Level 4 of the Swamp
 26525 | Swamp:4  | Noticed Louise
 26558 | Swamp:4  | Killed Louise
 26618 | Swamp:4  | Reached XP level 19. HP: 162/172 MP: 19/19
 26681 | Swamp:4  | Lost mutation: You have a somewhat thin skeletal structure.
                  | (Dex +2, Stealth+) [Jiyva's grace]
 26681 | Swamp:4  | Lost mutation: You have a small jelly attached to you that
                  | may absorb projectiles. [Jiyva's grace]
 26681 | Swamp:4  | Gained mutation: Your melee attacks may engulf your foes in
                  | ooze. [Jiyva's grace]
 26681 | Swamp:4  | Gained mutation: You have a small jelly attached to you
                  | that may absorb projectiles. [Jiyva's grace]
 26681 | Swamp:4  | Gained mutation: You have a pair of horns on your head.
                  | [Jiyva's grace]
 26681 | Swamp:4  | Gained mutation: You have a pair of large horns on your
                  | head. [Jiyva's grace]
 26695 | Swamp:4  | Got a mossy gem with 173 turns to spare
 26697 | Swamp:4  | Got a decaying rune of Zot
 27281 | Elf:1    | Entered Level 1 of the Elven Halls
 27281 | Elf:1    | Noticed Jorgrun
 27281 | Elf:1    | Found a runed translucent gate.
 27281 | Elf:1    | Found a runed translucent gate.
 27281 | Elf:1    | Found a runed translucent gate.
 27281 | Elf:1    | Found a runed translucent gate.
 27281 | Elf:1    | Found a runed translucent gate.
 27281 | Elf:1    | Found a runed translucent gate.
 27287 | Elf:1    | Found a runed translucent door.
 27305 | Elf:1    | Killed Jorgrun
 27336 | Elf:1    | Found a runed translucent door.
 27360 | Elf:1    | Found Hezeptoe's Weapon Shoppe.
 27370 | Elf:1    | Paralysed by an air elemental for 1 turns
 27594 | Elf:1    | Got the Volume of Momentum
 28009 | Elf:1    | Found a runed translucent gate.
 28010 | Elf:1    | Found a runed translucent gate.
 28010 | Elf:1    | Noticed temujin's ghost (journeyman OnCj)
 28011 | Elf:1    | Found a runed translucent gate.
 28012 | Elf:1    | Found an opulent altar of Gozag.
 28017 | Elf:1    | Found Vichuc's Assorted Antiques.
 28395 | D:5      | Killed topfpfpflanze's ghost
 28572 | Depths:1 | Entered Level 1 of the Depths
 28630 | Depths:1 | Noticed Bai Suzhen
 28658 | D:15     | Killed Bai Suzhen
 28695 | Depths:1 | Noticed a juggernaut
 28702 | Depths:1 | Noticed an iron giant
 28876 | D:15     | Slimified a juggernaut
 28876 | D:15     | a juggernaut changed into an acid blob
 28952 | Depths:1 | Killed an iron giant
 29035 | Depths:1 | Found an opulent altar of Gozag.
 29063 | Depths:1 | Noticed a caustic shrike
 29065 | Depths:1 | Noticed a juggernaut
 29274 | Depths:1 | Reached XP level 20. HP: 122/184 MP: 20/20
 29278 | Depths:1 | Found a one-way gate to the infinite horrors of the Abyss.
 29321 | Depths:1 | Found Aloabo's Armour Shop.
 29321 | Depths:1 | Found Foufakk's Armour Boutique.
 29322 | Depths:1 | Found Morakor's Assorted Antiques.
 29326 | Depths:1 | Found Umissawk's Assorted Antiques.
 29454 | Depths:1 | Noticed Norris
 29477 | Depths:1 | Killed Norris
 29553 | Depths:1 | Found a gateway to Hell.
 30467 | Depths:2 | Lost mutation: You are completely covered in iridescent
                  | scales. (AC +6) [Jiyva's grace]
 30467 | Depths:2 | Lost mutation: You have acidic saliva. [Jiyva's grace]
 30467 | Depths:2 | Lost mutation: Your pliable body absorbs attacks. (AC +2,
                  | EV +2) [Jiyva's grace]
 30467 | Depths:2 | Gained mutation: You are completely covered in iridescent
                  | scales. (AC +6) [Jiyva's grace]
 30467 | Depths:2 | Gained mutation: You are covered in slimy tendrils that may
                  | disarm your opponents. [Jiyva's grace]
 30467 | Depths:2 | Gained mutation: Your body has grown eyes which may confuse
                  | attackers. (Acc +3) [Jiyva's grace]
 30467 | Depths:2 | Gained mutation: Your body has grown many eyes which may
                  | confuse attackers. (Acc +5) [Jiyva's grace]
 30811 | Depths:2 | Found a one-way gate leading to the halls of Pandemonium.
 30874 | Depths:2 | Found a portal to a secret trove of treasure.
 31175 | Depths:3 | Found an ancient bone altar of Kikubaaqudgha.
 31228 | Depths:3 | Noticed Mara
 31231 | Depths:3 | Noticed Viceroy's illusion
 31242 | Depths:3 | Killed Mara
 31243 | Depths:3 | Reached XP level 21. HP: 171/198 MP: 21/21
 31498 | Depths:3 | Noticed a bone dragon
 31520 | Depths:3 | Killed a bone dragon
 31614 | Depths:3 | Found a one-way gateway to a ziggurat.
 31757 | Depths:3 | Found a corrupted altar of Lugonu.
 32359 | Depths:4 | Entered Level 4 of the Depths
 32560 | Depths:4 | Found a hide-covered altar of Uskayaw.
 32652 | Depths:4 | Reached skill level 10 in Armour
 32755 | Depths:4 | Found a gate to the Realm of Zot.
 32899 | Depths:4 | Found a broken altar of Ashenzari.
 33061 | Depths:4 | Noticed a golden dragon
 33071 | Depths:4 | Killed a golden dragon
 33190 | Depths:4 | Lost mutation: You are completely covered in iridescent
                  | scales. (AC +6) [Jiyva's grace]
 33190 | Depths:4 | Lost mutation: You passively map a large area around you.
                  | [Jiyva's grace]
 33190 | Depths:4 | Lost mutation: Your rubbery body absorbs attacks. (AC +1,
                  | EV +1) [Jiyva's grace]
 33190 | Depths:4 | Lost mutation: Your melee attacks may engulf your foes in
                  | ooze. [Jiyva's grace]
 33190 | Depths:4 | Gained mutation: Your body is covered in eyes which may
                  | confuse attackers. (Acc +7, SInv) [Jiyva's grace]
 33190 | Depths:4 | Gained mutation: Your spells are harder to cast, but more
                  | powerful. [Jiyva's grace]
 33190 | Depths:4 | Gained mutation: Your spells are much harder to cast, but
                  | much more powerful. [Jiyva's grace]
 33190 | Depths:4 | Gained mutation: Your system is resistant to poisons.
                  | (rPois) [Jiyva's grace]
 34171 | Elf:2    | Reached XP level 22. HP: 206/206 MP: 22/22
 34230 | Elf:2    | Found a runed translucent gate.
 34241 | Elf:2    | Found a runed translucent gate.
 34242 | Elf:2    | Found a runed translucent gate.
 34311 | Elf:2    | Paralysed by an air elemental for 1 turns
 34313 | Elf:2    | Paralysed by an air elemental for 1 turns
 34966 | Elf:3    | Entered Level 3 of the Elven Halls
 35161 | Elf:3    | Paralysed by an air elemental for 1 turns
 35525 | Depths:1 | Bought a scroll of enchant armour for 225 gold pieces
 35626 | Depths:2 | You paid a toll of +4 shadow dragon scales to enter a
                  | treasure trove
 35627 | Trove    | Entered a treasure trove
 35679 | Trove    | Identified the amulet of the Villain {Acrobat ^Contam
                  | Rampage Str+3 Dex+2}
 35681 | Trove    | Identified the amulet "Kygets" {Acrobat rPois Str+5 Dex+3}
 35685 | Trove    | Identified the amulet "Tilece Vipn" {Reflect ^Fragile rPois
                  | Will- Regen+ SH+5}
 35702 | Trove    | Lost mutation: Your mind is acute. (Int +4, Str/Dex -1)
                  | [Jiyva's grace]
 35702 | Trove    | Lost mutation: You passively map the area around you.
                  | [Jiyva's grace]
 35702 | Trove    | Lost mutation: Your spells are much harder to cast, but
                  | much more powerful. [Jiyva's grace]
 35702 | Trove    | Gained mutation: Your melee attacks may engulf your foes in
                  | ooze. [Jiyva's grace]
 35702 | Trove    | Gained mutation: Your flesh is heat resistant. (rF+)
                  | [Jiyva's grace]
 35702 | Trove    | Gained mutation: Your flesh is very heat resistant. (rF++)
                  | [Jiyva's grace]
 35702 | Trove    | Gained mutation: Your flesh is almost immune to the effects
                  | of heat. (rF+++) [Jiyva's grace]
 35708 | Trove    | Got Sif Muna's Information on the Jinx and Frostbite
 35710 | Trove    | Got Sif Muna's Textbook on Leaden Transposition
 35712 | Trove    | Got Sif Muna's Tractate on Elliptic Firn
 36828 | Elf:3    | Identified a scroll of acquirement
 36851 | Elf:3    | Got the Omnibus of Sandy Destruction
 36995 | Elf:3    | Identified the +8 hand axe "Vucuprif" {flame, rC++}
 37378 | Vaults:1 | Entered Level 1 of the Vaults
 37829 | Vaults:1 | Lost mutation: You are mostly covered in iridescent scales.
                  | (AC +4) [Jiyva's grace]
 37829 | Vaults:1 | Lost mutation: You possess an exceptional clarity of mind.
                  | [Jiyva's grace]
 37829 | Vaults:1 | Lost mutation: Your flesh is almost immune to the effects
                  | of heat. (rF+++) [Jiyva's grace]
 37829 | Vaults:1 | Lost mutation: You have a small jelly attached to you that
                  | may absorb projectiles. [Jiyva's grace]
 37829 | Vaults:1 | Gained mutation: You passively map the area around you.
                  | [Jiyva's grace]
 37829 | Vaults:1 | Gained mutation: You passively map a large area around you.
                  | [Jiyva's grace]
 37829 | Vaults:1 | Gained mutation: You have a small jelly attached to you
                  | that senses nearby items. [Jiyva's grace]
 37829 | Vaults:1 | Gained mutation: Your translucent skin slightly reduces
                  | your foes' accuracy. (Stealth+) [Jiyva's grace]
 38617 | Vaults:1 | Reached XP level 23. HP: 213/213 MP: 23/23
 38619 | Vaults:1 | Identified the +1 pair of gloves of the Undertaker {Str+3
                  | Int-5}
 38646 | Vaults:1 | Identified the +5 scale mail of a ziggurat {Harm rElec rF-
                  | Dex+5}
 38897 | Vaults:2 | Found Hiemn's Armour Shoppe.
 38969 | Vaults:2 | Found Syweney's Antique Weapon Shop.
 39383 | Vaults:2 | Got Sif Muna's Vellum of the Caves
 39559 | Vaults:2 | Identified the +5 short sword "Ril Yzip" {heavy, rElec
                  | rN+++ MP-9 SInv}
 39578 | Vaults:2 | Lost mutation: You have a pair of large horns on your head.
                  | [Jiyva's grace]
 39578 | Vaults:2 | Lost mutation: Your flesh is very heat resistant. (rF++)
                  | [Jiyva's grace]
 39578 | Vaults:2 | Lost mutation: Your body is covered in eyes which may
                  | confuse attackers. (Acc +7, SInv) [Jiyva's grace]
 39578 | Vaults:2 | Lost mutation: Your body has grown many eyes which may
                  | confuse attackers. (Acc +5) [Jiyva's grace]
 39578 | Vaults:2 | Lost mutation: You are covered in slimy tendrils that may
                  | disarm your opponents. [Jiyva's grace]
 39578 | Vaults:2 | Lost mutation: Your melee attacks may engulf your foes in
                  | ooze. [Jiyva's grace]
 39578 | Vaults:2 | Gained mutation: Your muscles are strong. (Str +4, Int/Dex
                  | -1) [Jiyva's grace]
 39578 | Vaults:2 | Gained mutation: Your muscles are very strong. (Str +8,
                  | Int/Dex -2) [Jiyva's grace]
 39578 | Vaults:2 | Gained mutation: You possess an exceptional clarity of
                  | mind. [Jiyva's grace]
 39578 | Vaults:2 | Gained mutation: You have acidic saliva. [Jiyva's grace]
 40179 | Depths:1 | Bought the +3 pair of gauntlets of War {Slay+5} for 997
                  | gold pieces
 40179 | Depths:1 | Found the +3 pair of gauntlets of War {Slay+5}
 40507 | Vaults:3 | Identified the orb of Courage {mayhem, rPois rN+}
 41378 | Vaults:3 | Found a staircase to the Crypt.
 41529 | Vaults:4 | Lost mutation: You have a pair of horns on your head.
                  | [Jiyva's grace]
 41529 | Vaults:4 | Lost mutation: Your spells are harder to cast, but more
                  | powerful. [Jiyva's grace]
 41529 | Vaults:4 | Lost mutation: Your spells are a little harder to cast, but
                  | a little more powerful. [Jiyva's grace]
 41529 | Vaults:4 | Lost mutation: Your translucent skin slightly reduces your
                  | foes' accuracy. (Stealth+) [Jiyva's grace]
 41529 | Vaults:4 | Gained mutation: Your flesh is cold resistant. (rC+)
                  | [Jiyva's grace]
 41529 | Vaults:4 | Gained mutation: Your flesh is very cold resistant. (rC++)
                  | [Jiyva's grace]
 41529 | Vaults:4 | Gained mutation: Your flesh is almost immune to the effects
                  | of cold. (rC+++) [Jiyva's grace]
 41529 | Vaults:4 | Gained mutation: Armour fits poorly on your pseudopods.
                  | [Jiyva's grace]
 41531 | Vaults:4 | Noticed Xtahua
 41549 | Vaults:4 | Killed Xtahua
 41793 | Vaults:4 | Found a white marble altar of Elyvilon.
 41841 | Vaults:4 | Reached XP level 24. HP: 168/220 MP: 23/23
 41974 | Vaults:4 | Reached skill level 15 in Armour
 41983 | Vaults:4 | Noticed Sojobo
 41993 | Vaults:4 | Killed Sojobo
 42030 | Vaults:4 | Found Kahy's Assorted Antiques.
 42420 | Vaults:5 | Entered Level 5 of the Vaults
 42554 | Vaults:5 | Noticed a dread lich
 42582 | Vaults:4 | Killed a dread lich
 42670 | Vaults:5 | Noticed a dread lich
 42758 | Vaults:4 | Killed a dread lich
 42781 | Vaults:5 | Identified the +6 triple crossbow "Hell-Harrower" {drain,
                  | rElec rCorr Str-4 Dex+4}
 42785 | Vaults:5 | Noticed an ancient lich
 43116 | Vaults:4 | Reached skill level 27 in Fighting
 43237 | Vaults:4 | Killed an ancient lich
 43244 | Vaults:4 | Identified the +0 helmet of the Engineer {Fly Int+5}
 43445 | Vaults:5 | Got the Treatise on the Smoking Graveyard
 43597 | Vaults:5 | Identified the +0 plate armour of Inaction {Will+ Dex+2}
 43824 | Vaults:5 | Identified the +6 short sword "Meolejui" {flame, Int+3
                  | Stlth-}
 43853 | Vaults:5 | Got a silver rune of Zot
 43856 | Vaults:5 | Identified the +9 dagger of Mutilation {freeze, rC++ Str+2}
 44044 | Vaults:5 | Identified the +1 arbalest "Gram" {penet, rPois rF+++ rC+++
                  | Dex-2}
 44062 | Vaults:5 | Found the +15 Maxwell's patent armour {-Cast -Tele rElec
                  | Will+ rCorr}
 44065 | Vaults:5 | Identified the +5 spear "Jelly's Foe" {antimagic, Int+2
                  | Dex+2}
 44095 | Vaults:5 | Identified the +4 eveningstar of Shrieking Terror {freeze,
                  | Will+ Int-5 Dex+5}
 44604 | Zot:1    | Entered Level 1 of the Realm of Zot
 44612 | Zot:1    | Noticed a curse toe
 44621 | Zot:1    | Killed a curse toe
 44622 | Zot:1    | Reached XP level 25. HP: 35/234 MP: 23/23
 44867 | Depths:4 | Acquired a manual of Armour
 44935 | Zot:1    | Lost mutation: You possess an exceptional clarity of mind.
                  | [Jiyva's grace]
 44935 | Zot:1    | Lost mutation: Your flesh is almost immune to the effects
                  | of cold. (rC+++) [Jiyva's grace]
 44935 | Zot:1    | Lost mutation: Your muscles are very strong. (Str +8,
                  | Int/Dex -2) [Jiyva's grace]
 44935 | Zot:1    | Lost mutation: You have a small jelly attached to you that
                  | senses nearby items. [Jiyva's grace]
 44935 | Zot:1    | Gained mutation: You are robust. (+10% HP) [Jiyva's grace]
 44935 | Zot:1    | Gained mutation: You are very robust. (+20% HP) [Jiyva's
                  | grace]
 44935 | Zot:1    | Gained mutation: You are extremely robust. (+30% HP)
                  | [Jiyva's grace]
 44935 | Zot:1    | Gained mutation: You are mostly covered in iridescent
                  | scales. (AC +4) [Jiyva's grace]
 45039 | Zot:1    | Reached skill level 27 in Polearms
 47522 | Zot:3    | You are sucked into a shaft and drop 1 floor!
 47681 | Zot:3    | Lost mutation: You are mostly covered in iridescent scales.
                  | (AC +4) [Jiyva's grace]
 47681 | Zot:3    | Lost mutation: Your flesh is heat resistant. (rF+) [Jiyva's
                  | grace]
 47681 | Zot:3    | Lost mutation: You passively map a large area around you.
                  | [Jiyva's grace]
 47681 | Zot:3    | Lost mutation: Your body has grown eyes which may confuse
                  | attackers. (Acc +3) [Jiyva's grace]
 47681 | Zot:3    | Gained mutation: Armour fits poorly on your large
                  | pseudopods. [Jiyva's grace]
 47681 | Zot:3    | Gained mutation: Armour fits poorly on your massive
                  | pseudopods. [Jiyva's grace]
 47681 | Zot:3    | Gained mutation: You have a small jelly attached to you
                  | that senses nearby items. [Jiyva's grace]
 47681 | Zot:3    | Gained mutation: Your mind is acute. (Int +4, Str/Dex -1)
                  | [Jiyva's grace]
 47728 | Zot:3    | Reached XP level 26. HP: 255/314 MP: 23/23
 48285 | Zot:3    | Noticed Grunn
 48313 | Zot:3    | Killed Grunn
 49191 | Zot:5    | Entered Level 5 of the Realm of Zot
 49212 | Zot:5    | Found a basalt altar of Yredelemnul.
 49456 | Zot:5    | Noticed a Killer Klown
 49472 | Zot:5    | Killed a Killer Klown
 49473 | Zot:5    | Reached skill level 27 in Dodging
 49779 | Zot:5    | Noticed a Killer Klown
 49787 | Zot:5    | Killed a Killer Klown
 49843 | Zot:5    | Noticed an orb of fire
 49843 | Zot:5    | Gained mutation: Your magical capacity is low. (-10% MP)
                  | [an orb of fire]
 49845 | Zot:5    | Noticed a dread lich
 49852 | Zot:5    | Killed an orb of fire
 49860 | Zot:5    | Killed a dread lich
 49883 | Zot:5    | Noticed an ancient lich
 49888 | Zot:5    | Noticed an orb of fire
 49907 | Zot:5    | Killed an ancient lich
 49928 | Zot:5    | Noticed an orb of fire
 49928 | Zot:5    | Noticed an orb of fire
 49928 | Zot:5    | Noticed an orb of fire
 49936 | Zot:5    | Lost mutation: Your system is resistant to poisons. (rPois)
                  | [an orb of fire]
 49937 | Zot:5    | Killed an orb of fire
 49945 | Zot:5    | Killed an orb of fire
 49952 | Zot:5    | Killed an orb of fire
 49956 | Zot:5    | Noticed an orb of fire
 49956 | Zot:5    | Noticed an orb of fire
 49971 | Zot:5    | Killed an orb of fire
 49974 | Zot:5    | Gained mutation: Armour fits poorly on your strangely
                  | shaped body. [an orb of fire]
 49978 | Zot:5    | Gained mutation: Your body sometimes deteriorates upon
                  | taking damage. [an orb of fire]
 49980 | Zot:5    | Gained mutation: Your health recovers twice as slowly from
                  | being drained. [an orb of fire]
 49981 | Zot:5    | Gained mutation: Your spells are a little easier to cast,
                  | but a little less powerful. [an orb of fire]
 49983 | Zot:5    | Killed an orb of fire
 50018 | Zot:5    | Noticed an orb of fire
 50029 | Zot:5    | Killed an orb of fire
 50056 | Zot:5    | Noticed an ancient lich
 50080 | Zot:5    | Killed an ancient lich
 50133 | Zot:5    | Noticed a Killer Klown
 50134 | Zot:5    | Lost mutation: Armour fits poorly on your strangely shaped
                  | body. [Jiyva's grace]
 50134 | Zot:5    | Lost mutation: Your body sometimes deteriorates upon taking
                  | damage. [Jiyva's grace]
 50134 | Zot:5    | Lost mutation: Your magical capacity is low. (-10% MP)
                  | [Jiyva's grace]
 50134 | Zot:5    | Lost mutation: You are extremely robust. (+30% HP) [Jiyva's
                  | grace]
 50134 | Zot:5    | Lost mutation: You have a small jelly attached to you that
                  | senses nearby items. [Jiyva's grace]
 50134 | Zot:5    | Lost mutation: Your spells are a little easier to cast, but
                  | a little less powerful. [Jiyva's grace]
 50134 | Zot:5    | Gained mutation: You are strong-willed. (Will+) [Jiyva's
                  | grace]
 50134 | Zot:5    | Gained mutation: You are highly strong-willed. (Will++)
                  | [Jiyva's grace]
 50134 | Zot:5    | Gained mutation: You are extremely strong-willed. (Will+++)
                  | [Jiyva's grace]
 50134 | Zot:5    | Gained mutation: Your mind is very acute. (Int +8, Str/Dex
                  | -2) [Jiyva's grace]
 50148 | Zot:5    | Killed a Killer Klown
 50431 | Zot:5    | Noticed an orb of fire
 50433 | Zot:5    | Gained mutation: You occasionally shout uncontrollably at
                  | your foes. [an orb of fire]
 50436 | Zot:5    | Lost mutation: Your mind is very acute. (Int +8, Str/Dex
                  | -2) [an orb of fire]
 50439 | Zot:5    | Noticed a Killer Klown
 50443 | Zot:5    | Killed an orb of fire
 50454 | Zot:5    | Killed a Killer Klown
 50481 | Zot:5    | Noticed an orb of fire
 50490 | Zot:5    | Killed an orb of fire
 50491 | Zot:5    | Reached XP level 27. HP: 215/298 MP: 23/23
 50502 | Zot:5    | Killed an orb of fire
 50778 | Zot:5    | Got the Orb of Zot
 51304 | D:$      | Escaped with the Orb!

Illustrated notes

Levels and vault maps discovered:
D:1:      denvon_arrival_planthouse, layout_loops_corners,
          shapermc_ecumenical_altar_mp_highgroup, minmay_tetromino_t2
D:2:      layout_loops_ring, minmay_goblin_outpost, uniq_sigmund
D:3:      layout_rooms, mainiacjoe_overflow_concentric_impassable,
          fedhas_ov_isle_minmay, dreamdust_wishing_well, uniq_terence
D:4:      layout_basic, cheibriados_altar_1, led_xom_imps, minmay_distorted,
          uniq_crazy_yiuf_cottage
D:5:      layout_basic, gammafunk_ghost_split, enter_ossuary_5
D:6:      layout_rooms, marbit_many_paths, temple_statues, st_stairs_14,
          kennysheep_generic_room_16, uniq_menkaure
D:7:      layout_cave_pools, nicolae_dithmenos_shadow_blocks,
          serial_column_ruins, column_ruins_grid_4, column_ruins_grid_1,
          column_ruins_open_small, column_ruins_open_small,
          column_ruins_open_tiny, column_ruins_grid_1, column_ruins_grid_3,
          minmay_unpleasant_kobolds
D:8:      layout_basic, elyvilon_altar_5, grunt_ministairs_11,
          david_defended_altar_orc, uniq_jeremiah
D:9:      cheibrodos_barr_body, layout_loops_ring,
          lemuel_zombie_altar_kikubaaqudgha, nicolae_overflow_hidden_temple
D:10:     layout_big_octagon, mainiacjoe_overflow_alcove_2,
          mainiacjoe_overflow_small_starburst, yredelemnul_altar_generic,
          orc_david_3, kennysheep_minor_cross, nzn_sisyphean_effort
D:11:     layout_roguey, erik_lair_island, lemuel_nasty_fountain
D:12:     layout_rooms, serial_demonic, serial_demonic_f, serial_demonic_g,
          serial_demonic_g, serial_demonic_a, serial_demonic_f,
          serial_demonic_e, uniq_gastronok
D:13:     layout_basic, erik_vaults_1
D:14:     layout_rooms, grunt_decor_one_mirror, minmay_alternating_orb
D:15:     grunt_enter_depths_giant_problem, layout_gridville,
          nicolae_ru_awakened_eye
Lair:1:   layout_cave_pods, grunt_megastairs_1
Lair:2:   layout_hall_layers, serial_bayou_pond_e, beast_lair_carwin_11
Lair:3:   nzn_winding_woodlands_medium [nzn_winding_woodlands_5x5_three,
          nzn_winding_woodlands_5x15_cabin, nzn_winding_woodlands_hourglass,
          nzn_winding_woodlands_5x5_checkerboard,
          nzn_winding_woodlands_center_garden,
          nzn_winding_woodlands_5x5_default,
          nzn_winding_woodlands_5x5_open_star,
          nzn_winding_woodlands_5x15_crooked,
          nzn_winding_woodlands_5x5_perimeter], layout_hall_layers,
          palyth_hydra_swamp_entry, minmay_snake_entry_guardpost_medium,
          nicolae_volcano_entry_hallway
Lair:4:   layout_roguey, basic_altar
Lair:5:   grunt_lair_end_beastmaster, layout_misc_corridors,
          minmay_slime_entry_pillars, fungi_pond_lemuel, grunt_megastairs_5,
          serial_bayou_shore_a
Swamp:1:  layout_basic_swamp, evilmike_swamp_ruin_house_4,
          infiniplex_staircase_pool
Swamp:2:  layout_falls_marsh, evilmike_swamp_ruin_rubble_1, swamp_pool_1_2
Swamp:3:  layout_falls_marsh, evilmike_swamp_ruin_house_5
Swamp:4:  swamp_alternative, layout_basic_swamp, uniq_louise
Snake:1:  layout_onion_interference, uniq_donald
Snake:2:  layout_gridlike, minmay_shop_star, uniq_vashnia, uniq_azrael,
          uniq_aizul, uniq_mlioglotl, uniq_agnes
Snake:3:  layout_chambers
Snake:4:  johnstein_snake_rune_scales, layout_cave_town, serial_shops,
          nicolae_shop_tiny_statue_garden, uniq_asterion
Slime:1:  layout_caves
Slime:2:  layout_caves, dissolution_awaits
Slime:3:  layout_caves, nicolae_slime_rock_hall_of_fame
Slime:4:  layout_caves
Slime:5:  slime_pit
Orc:1:    layout_diamond_mine
Orc:2:    grunt_orc_gardens, layout_caves, grunt_orc_garden, grunt_orc_garden,
          grunt_orc_garden, grunt_orc_garden
Elf:1:    nicolae_elf_arrival_dilemma, layout_gridlike, serial_shops,
          nicolae_shop_stone, ebering_ghost_gozag, minmay_elf_annihilation,
          mumra_transporter_accident, uniq_jorgrun
Elf:2:    elven_hall_of_blades_hangedman_original
          [nicolae_blade_entry_diamond_columns], layout_geoelf_grid
Elf:3:    elf_hall_gauntlet_wide, layout_geoelf_castle, serial_co_window_serial,
          co_window_of_opportunity_a, co_window_paths_a, co_window_corner_a,
          co_window_corner_a, co_window_corner_a, co_window_paths_a,
          co_window_paths_b, co_window_of_opportunity_a, co_window_corner_a,
          co_window_of_opportunity_b, glass_columns_c, glass_columns_a
Vaults:1: nicolae_vaults_angled_halls, nicolae_vaults_angled_halls,
          nicolae_vaults_weapon_check, v_misc_12, ontoclasm_vaults_bender,
          v_alt_pattern_2, hangedman_vaults_maws, vaults_standard_mumra_lines,
          nicolae_vaults_heist, layout_vaults_quadrants
Vaults:2: nicolae_vaults_tangram_1, v_misc_14, v_misc_16,
          dpeg_vaults_monster_box, grunt_vaults_swirl,
          ontoclasm_vaults_misaligned, nicolae_vaults_ring_of_whatevers,
          nicolae_vaults_ring_of_whatevers, nicolae_vaults_house_1,
          nicolae_vaults_tetromino_L_2, nicolae_vaults_trapezoid_lopsided_1,
          nicolae_vaults_taking_the_gang_shopping, nicolae_vaults_six-pack,
          layout_vaults_ring, serial_shops, shop
Vaults:3: nicolae_vaults_network_star, nicolae_vaults_steering_wheel,
          hangedman_vaults_snaps, nicolae_vaults_shrinking_rooms_1,
          nicolae_vaults_enemy_cabinets, v_misc_26,
          minmay_crypt_entry_skeletal_spiral, ontoclasm_vaults_ring_square,
          nicolae_vaults_turnstiles, vaults_dpeg_emergency_exit,
          layout_vaults_chaotic_city
Vaults:4: nicolae_vaults_surprise_closet, nicolae_vaults_border_crossing,
          ontoclasm_vaults_misaligned, nicolae_vaults_spaceships, v_pattern_3,
          v_misc_30, lemuel_angel_altar, v_misc_14, ontoclasm_vaults_chip,
          vaults_mumra_chevron_long, nicolae_vaults_storage_room_glass,
          v_misc_13, vaults_room_grid, layout_vaults_omnibox, serial_shops,
          nicolae_shop_stone, uniq_sojobo, uniq_xtahua
Vaults:5
Depths:1: minmay_roctagon, layout_cave_shapes, hell_entry, grunt_gozag_statues,
          minmay_room_of_horrors, st_stairs_3, minivault_12, minmay_shoptagon,
          uniq_bai_suzhen, uniq_norris
Depths:2: grunt_deathspiral_small, layout_twisted_cross,
          minmay_misc_feat_columns, hell_entry, enter_trove_6,
          rand_demon_pan_entry_1, st_stairs_1
Depths:3: dreamdust_under_siege, layout_basic, enter_ziggurat_d,
          grunt_mini_vestibule, abyss_entry_flame_altar,
          hangedman_decor_slide_cut, minmay_misc_feat_cross, uniq_mara
Depths:4: evilmike_zot_entry_diamond, layout_honeycomb, abyss_entry,
          nicolae_uskayaw_murder_on_the_dancefloor, hell_entry,
          evilmike_ruin_ashenzari
Zot:1:    layout_misc_corridors, regret_index_zotdec_glowing_original
Zot:2:    layout_twisted_circle, regret_index_zotdec_tunneler
Zot:3:    layout_cathedral_of_symmetry, uniq_grunn
Zot:4:    layout_basic, hangedman_zot_gyre
Zot:5:    layout_gridlike, basic_altar

Skill      XL: |  1  2  3  4  5  6  7  8  9 10 11 12 13 14 15 16 17 18 19 20 21 22 23 24 25 26 27 |
---------------+----------------------------------------------------------------------------------+-----
Polearms       | 5 6 8 10 12 14 19 20 24 25 26 27 | 27.0
Fighting       | 6 8 10 12 15 19 20 21 22 25 27 | 27.0
Dodging        | 7 10 13 14 17 18 22 24 25 27 | 27.0
Armour         | 2 4 5 6 11 12 14 15 18 19 20 | 20.0
Shields        | 8 14 15 | 15.0
Throwing       | |  2.0

Action                     |  1- 3 |  4- 6 |  7- 9 | 10-12 | 13-15 | 16-18 | 19-21 | 22-24 | 25-27 || total
---------------------------+-------+-------+-------+-------+-------+-------+-------+-------+-------++-------
  Melee: Trident           |   139 |   166 |   574 |   640 |  1333 |       |       |       |       ||  2852
         Bite              |       |       |       |    44 |    21 |   186 |   164 |   147 |   102 ||   664
         Pseudopods        |       |       |       |       |   306 |   249 |       |   169 |   195 ||   919
         Lance             |       |       |       |       |   576 |  1541 |  1681 |  1544 |   760 ||  6102
         Headbutt          |       |       |       |       |       |   236 |   543 |   448 |   217 ||  1444
 Invoke: Oozemancy         |       |       |     4 |     3 |     1 |     6 |       |     1 |       ||    15
         Slimify           |       |       |     1 |     4 |     1 |     2 |     1 |     3 |       ||    12
  Evoke: Wand              |       |       |       |       |       |       |     1 |       |       ||     1
    Use: Scroll            |       |       |     8 |     3 |    10 |    16 |       |     6 |     5 ||    48
         Potion            |       |       |       |       |       |     1 |       |       |     4 ||     5
   Stab: Distracted        |     1 |       |       |     1 |     3 |     2 |     2 |     7 |       ||    16
         Sleeping          |       |     4 |    14 |       |     5 |     7 |     2 |     6 |       ||    38
         Confused          |       |       |     2 |    17 |    43 |       |    12 |    29 |     1 ||   104
         Petrified         |       |       |       |       |     7 |       |       |       |       ||     7
 Armour: Leather armour    |    57 |    61 |   225 |    44 |       |       |       |       |       ||   387
         Troll leather arm |       |       |       |   111 |   511 |   376 |       |       |       ||   998
         Swamp dragon scal |       |       |       |       |       |    21 |   401 |   405 |    13 ||   840
         Storm dragon scal |       |       |       |       |       |       |       |       |   301 ||   301
  Dodge: Dodged            |    80 |    64 |   263 |   399 |  1485 |   772 |   700 |   677 |   322 ||  4762
  Block: Kite shield       |       |       |       |       |       |   925 |   945 |   922 |   446 ||  3238
         Reflection        |       |       |       |       |       |   115 |    46 |   131 |     9 ||   301

Table legend: (Time is in decaauts)
 A = Elapsed time spent in this place.
 B = Non-inter-level travel time spent in this place.
 C = Inter-level travel time spent in this place.
 D = Time resting spent in this place.
 E = Time spent auto-exploring this place.
 F = Levels seen in this place.
 G = Mean time per level.
                   A        B        C        D        E       F      G
               +--------+--------+--------+--------+--------+-----+--------+
         Total |  48052 |  42089 |   5963 |   3916 |  26679 |  55 |  873.7 |
       Dungeon |  12218 |  10322 |   1896 |    235 |   7420 |  15 |  814.5 |
          Lair |   4459 |   3760 |    699 |    105 |   2595 |   5 |  891.8 |
         Swamp |   1978 |   1784 |    194 |     78 |   1109 |   4 |  494.5 |
     Snake Pit |   4349 |   4055 |    294 |    208 |   2797 |   4 | 1087.2 |
    Slime Pits |   1186 |   1002 |    184 |      0 |    936 |   5 |  237.2 |
  Orcish Mines |   1479 |    988 |    491 |      0 |    616 |   2 |  739.5 |
   Elven Halls |   3570 |   3068 |    502 |    174 |   1945 |   3 | 1190.0 |
        Vaults |   6551 |   5978 |    573 |    949 |   3595 |   5 | 1310.2 |
        Depths |   4732 |   4056 |    676 |    215 |   2532 |   4 | 1183.0 |
           Zot |   6351 |   5900 |    451 |   1910 |   2870 |   5 | 1270.2 |
         Trove |    112 |    112 |      0 |      0 |     16 |   1 |  112.0 |
       Ossuary |    456 |    456 |      0 |     20 |    184 |   1 |  456.0 |
       Volcano |    604 |    604 |      0 |     20 |     62 |   1 |  604.0 |
               +--------+--------+--------+--------+--------+-----+--------+

Top non-repeatable levels by time:
Vaults:4: 1657 daAuts
   Zot:2: 1644 daAuts
   Zot:5: 1603 daAuts
Vaults:1: 1494 daAuts
   Elf:3: 1454 daAuts
Vaults:3: 1424 daAuts
Depths:2: 1274 daAuts
 Snake:1: 1256 daAuts
Depths:1: 1207 daAuts
   Zot:3: 1179 daAuts
Depths:3: 1160 daAuts
    D:15: 1158 daAuts
   Elf:1: 1091 daAuts
Depths:4: 1090 daAuts
 Snake:3: 1078 daAuts
